Map: Last Remnant

Players

Torpedoe

  • Race: Protoss Protoss
  • Spawn Location: 3:00

HijodeOdin

  • Race: Protoss Protoss
  • Spawn Location: 1:00

IdrisuHakase

  • Race: Terran Terran
  • Spawn Location: 12:00

Wilson

  • Race: Terran Terran
  • Spawn Location: 12:00

overlord

  • Race: Protoss Protoss
  • Spawn Location: 6:00

UNKNOWN

  • Race: Protoss Protoss
  • Spawn Location: 6:00

Moog

  • Race: Protoss Protoss
  • Spawn Location: 9:00

Infamous

  • Race: Protoss Protoss
  • League: Silver
  • Spawn Location: 7:00

VOD

Have the link to the VOD?

Description

Time

  • Played on: April 10, 2018, 9:48 a.m.
  • Length: 18:43
Show
View Real Time Build Order
Export as new Build Order

Torpedoe Protoss 

Build Orders:  

Get SALT Encoding   

  12  0:02  Probe  
  13  0:14  Probe  
  13  0:21  Pylon  
  14  0:26  Probe (Chrono Boost)  
  15  0:40  Probe (Chrono Boost)  
  16  0:45  Probe (Chrono Boost), Gateway  
  17  0:51  Assimilator  
  17  0:57  Probe  
  18  1:03  Pylon  
  18  1:09  Probe  
  19  1:21  Probe  
  20  1:35  Cybernetics Core  
  20  1:39  Gateway, Assimilator  
  20  1:46  Probe  
  21  1:58  Probe  
  22  2:01  Pylon  
  22  2:10  Probe  
  22  2:11  Warp Gate (Chrono Boost)  
  22  2:14  Robotics Facility  
  23  2:22  Probe  
  24  2:35  Shield Battery  
  24  2:39  Adept  
  24  2:40  Zealot  
  28  2:50  Gateway  
  28  3:02  Warp Prism  
  30  3:15  Pylon  
  30  3:18  Adept  
  32  3:23  Zealot  
  34  4:11  Nexus  
  34  4:25  Twilight Council  
  34  4:36  Stalker, Zealot  
  34  4:38  Stalker  
  38  5:20  Probe  
  39  5:24  Probe  
  34  5:29  Immortal, Blink (Chrono Boost)  
  34  5:32  Probe  
  34  5:35  Stalker x2  
  41  5:36  Probe  
  41  5:40  Stalker  
  46  5:45  Probe (Chrono Boost)  
  46  5:48  Probe (Chrono Boost)  
  48  6:00  Probe (Chrono Boost)  
  49  6:06  Probe (Chrono Boost)  
  49  6:10  Templar Archives, Immortal  
  54  6:25  Stalker x3  
  60  6:36  Gateway  
  60  6:37  Probe  
  60  6:39  Assimilator  
  61  6:49  Probe  
  61  6:51  Forge  
  62  7:02  Pylon  
  62  7:09  Pylon  
  62  7:13  Pylon  
  62  7:16  Assimilator  
  62  7:20  Probe  
  62  7:21  Observer  
  64  7:38  Psionic Storm  
  64  7:39  Protoss Ground Weapons Level 1  
  64  7:42  Immortal  
  68  7:44  Probe  
  68  7:50  Nexus  
  69  7:51  Charge (Chrono Boost)  
  69  7:56  Probe  
  70  8:06  Zealot x4  
  70  8:08  Probe  
  79  8:21  Probe  
  80  8:27  Stalker  
  80  8:28  Stalker x2  
  86  8:40  Pylon  
  86  8:41  Pylon  
  86  8:43  Pylon x2  
  86  8:44  Photon Cannon  
  86  9:09  High Templar x2  
  90  9:10  High Templar  
  90  9:12  Zealot  
  94  9:33  Probe, Protoss Ground Armor Level 1  
  94  9:37  Assimilator  
  95  9:42  Assimilator  
  95  9:45  Probe  
  95  9:51  Stalker  
  95  9:52  Stalker  
  100  9:53  Zealot x2  
  104  10:26  Robotics Bay  
  104  10:31  Robotics Facility  
  104  10:39  Immortal  
  104  10:41  Zealot  
  104  10:42  Zealot x3  
  116  10:56  Gateway  
  100  10:59  Gateway  
  60  11:52  Immortal x2  
  67  12:18  Zealot x2  
  67  12:19  Zealot x2  
  72  12:31  Immortal  
  72  12:37  Immortal  
  80  12:50  Zealot x3  
  80  12:51  Stalker x2, Zealot  
  92  13:04  Protoss Ground Armor Level 2  
  92  13:09  Disruptor  
  95  13:18  Pylon, Shield Battery  
  95  13:20  Stalker x6  
  102  14:28  Stalker  
  102  14:29  Stalker x5  
  114  14:33  Probe  
  116  14:45  Probe  
  116  14:54  Colossus x2  
  116  14:56  Extended Thermal Lance (Chrono Boost)  
  116  14:57  Probe  
  129  15:09  Probe  
  130  15:15  Pylon  
  130  15:18  Pylon  
  130  15:22  Pylon  
  130  15:23  Pylon  
  126  16:03  Stalker x6  
  118  16:22  Photon Cannon  
  118  16:25  Photon Cannon  
  118  16:37  Stalker x4  
  118  16:38  Stalker x2  
  130  16:40  Colossus  
  121  17:15  Stalker  
  121  17:16  Stalker x5  
  101  18:16  Stalker x6  
Show
View Real Time Build Order
Export as new Build Order

HijodeOdin Protoss 

Build Orders:  

Get SALT Encoding   

  12  0:15  Pylon  
  12  0:22  Probe  
  13  0:34  Probe  
  14  0:44  Assimilator  
  14  0:46  Probe  
  15  0:58  Probe  
  16  1:10  Probe  
  17  1:25  Forge  
  17  1:29  Probe  
  18  1:41  Probe  
  19  1:53  Probe  
  20  2:19  Gateway  
  19  3:25  Zealot  
  20  3:52  Zealot  
  22  3:59  Pylon  
  22  4:09  Pylon  
  22  4:19  Photon Cannon  
  22  4:30  Photon Cannon  
  22  4:44  Photon Cannon  
  22  4:56  Cybernetics Core  
  22  5:25  Zealot  
  24  5:40  Protoss Ground Weapons Level 1  
  24  5:50  Robotics Facility  
  24  5:52  Zealot  
  24  5:54  Warp Gate  
  26  6:08  Assimilator  
  26  6:31  Stalker  
  28  7:00  Immortal  
  32  7:35  Protoss Ground Armor Level 1  
  32  7:39  Immortal  
  36  8:19  Immortal  
  32  8:58  Immortal  
  36  10:27  Robotics Bay  
  36  10:33  Pylon  
  36  10:51  Immortal  
  30  11:31  Stalker  
  5  12:13  Probe  
  6  12:25  Probe  
  7  12:37  Probe  
  8  12:49  Probe  
  9  13:01  Probe  
  10  13:22  Robotics Facility  
  10  14:34  Colossus  
  16  14:40  Probe  
  17  14:53  Probe  
  18  15:05  Probe  
  19  15:17  Probe  
  20  15:28  Colossus  
  20  15:29  Probe  
  27  16:21  Colossus  
  33  17:15  Colossus  
Show
View Real Time Build Order
Export as new Build Order

IdrisuHakase Terran 

Build Orders:  

Get SALT Encoding   

  12  0:32  SCV  
  13  0:37  Supply Depot  
  13  0:44  SCV  
  13  0:49  Supply Depot, Refinery  
  14  0:56  SCV, Refinery  
  15  1:11  SCV  
  16  1:14  Barracks  
  16  1:25  SCV  
  17  1:37  SCV  
  18  1:49  SCV  
  19  1:56  Command Center  
  19  2:04  Orbital Command  
  19  2:12  Marine  
  20  2:20  Supply Depot  
  20  2:32  SCV  
  21  2:44  SCV  
  21  2:48  Engineering Bay  
  22  2:51  Barracks Reactor  
  22  2:56  Supply Depot, SCV  
  23  3:08  SCV  
  23  3:09  SCV  
  25  3:21  Missile Turret, SCV  
  25  3:25  Missile Turret  
  26  3:27  SCV  
  26  3:33  SCV  
  28  3:34  Refinery  
  28  3:39  SCV  
  29  3:45  SCV  
  30  3:52  SCV  
  31  3:57  SCV  
  32  4:03  Factory  
  32  4:09  Supply Depot  
  33  4:10  SCV  
  33  4:11  SCV  
  33  4:15  Refinery  
  34  4:22  SCV  
  34  4:23  SCV  
  36  4:27  Supply Depot  
  36  4:34  SCV  
  36  4:35  SCV  
  36  4:36  Supply Depot  
  38  4:46  Factory Tech Lab  
  38  4:47  SCV  
  39  4:57  Starport  
  39  4:59  SCV  
  40  5:03  Starport  
  40  5:05  Sensor Tower  
  40  5:10  SCV  
  41  5:20  Starport  
  41  5:22  SCV  
  42  5:33  Starport Tech Lab  
  42  5:34  SCV  
  43  5:36  Starport  
  43  5:39  Starport  
  43  5:40  Starport Tech Lab  
  43  5:46  SCV  
  43  5:47  Starport  
  44  6:04  SCV  
  44  6:07  Starport Tech Lab  
  45  6:17  Fusion Core, Starport Tech Lab x2  
  45  6:25  Starport Tech Lab  
  45  6:29  Armory  
  45  6:33  Armory  
  45  6:50  Sensor Tower  
  45  7:02  Supply Depot  
  45  7:03  Orbital Command  
  45  7:15  Weapon Refit  
  45  7:17  Battlecruiser x2  
  45  7:18  Battlecruiser  
  63  7:27  Terran Ship Weapons Level 1  
  63  7:32  Supply Depot  
  63  7:33  Command Center  
  63  7:34  Supply Depot  
  63  7:36  Supply Depot  
  63  7:44  SCV  
  63  7:49  SCV  
  65  7:56  SCV  
  66  8:00  Terran Vehicle And Ship Armor Level 1  
  66  8:01  SCV  
  66  8:04  Supply Depot  
  67  8:07  Supply Depot  
  67  8:08  Supply Depot, SCV  
  67  8:12  Battlecruiser  
  74  8:14  SCV  
  74  8:18  Refinery  
  75  8:20  SCV  
  75  8:22  Refinery  
  75  8:26  SCV  
  75  8:27  Battlecruiser  
  83  8:32  SCV  
  84  8:36  Supply Depot  
  84  8:37  Supply Depot  
  84  8:38  SCV  
  84  8:41  Hi-Sec Auto Tracking  
  85  8:55  Barracks  
  85  9:00  SCV  
  86  9:12  SCV  
  86  9:13  Battlecruiser  
  93  9:24  SCV  
  94  9:36  SCV  
  94  9:37  SCV  
  96  9:43  Battlecruiser  
  96  9:44  Battlecruiser  
  108  9:46  Terran Ship Weapons Level 2  
  108  9:48  SCV  
  108  9:49  Barracks Tech Lab, SCV  
  110  10:00  SCV  
  110  10:01  SCV  
  112  10:12  SCV  
  112  10:13  SCV  
  114  10:15  Battlecruiser  
  120  10:25  SCV  
  120  10:27  Battlecruiser  
  127  10:45  Battlecruiser  
  108  11:44  Battlecruiser x4  
  132  12:04  Command Center  
  132  12:15  Battlecruiser  
  138  12:16  Battlecruiser  
  138  12:21  Refinery  
  143  12:22  Refinery  
  131  13:16  SCV  
  131  13:19  SCV  
  133  13:24  SCV  
  134  13:28  SCV  
  134  13:32  SCV  
  136  13:35  Battlecruiser  
  136  13:36  Battlecruiser x3, SCV  
  136  13:40  SCV  
  162  13:44  SCV  
  162  13:48  SCV  
  164  13:53  SCV  
  165  14:05  SCV  
  166  14:40  Battlecruiser x2  
  178  15:05  Command Center  
  178  15:12  Supply Depot  
  178  15:13  Supply Depot  
  178  15:14  Supply Depot  
  178  15:34  Battlecruiser  
  178  15:35  Battlecruiser  
  184  16:33  Battlecruiser x2  
  196  16:53  Refinery  
  196  17:14  Missile Turret  
  196  17:15  Missile Turret  
  196  17:16  Missile Turret  
  196  17:17  Missile Turret  
  196  17:18  Missile Turret x2  
  196  17:19  Missile Turret  
  196  17:28  Refinery  
Show
View Real Time Build Order
Export as new Build Order

Wilson Terran 

Build Orders:  

Get SALT Encoding   

  12  0:06  SCV  
  13  0:15  Supply Depot  
  13  0:19  SCV  
  14  0:28  Refinery  
  14  0:42  Barracks  
  14  0:50  Refinery  
  14  1:33  Barracks Tech Lab  
  14  1:37  Orbital Command  
  14  2:07  Command Center  
  14  2:13  Marine  
  15  2:31  Marine  
  15  2:35  Factory  
  16  2:49  Marine  
  17  2:52  SCV  
  18  3:04  SCV  
  19  3:06  Marine  
  19  3:11  Supply Depot  
  20  3:18  Combat Shields  
  20  3:23  Factory Tech Lab  
  20  3:57  Siege Tank  
  23  4:09  SCV  
  24  4:17  SCV  
  24  4:21  SCV  
  26  4:29  Siege Tank, SCV  
  30  4:39  Starport  
  30  5:08  Starport  
  30  5:20  Starport Reactor  
  30  5:35  Orbital Command  
  30  5:47  Liberator x2  
  30  5:50  Starport  
  30  5:59  Fusion Core  
  30  6:00  Starport Reactor  
  36  6:39  Bunker, Liberator  
  36  6:40  Liberator  
  36  6:43  Starport Reactor  
  42  7:21  Supply Depot  
  42  7:24  Supply Depot  
  42  7:25  Supply Depot  
  42  7:26  Supply Depot  
  42  7:49  Supply Depot  
  42  8:14  SCV  
  43  8:21  Starport  
  43  8:26  SCV  
  44  8:38  SCV  
  45  9:09  Viking x6  
  78  9:10  Viking  
  53  9:39  Viking x6  
  62  9:51  Starport Tech Lab  
  59  10:00  SCV, Refinery x2  
  59  10:04  SCV  
  61  10:09  Viking x3  
  61  10:13  SCV  
  68  10:16  SCV  
  69  10:25  SCV  
  69  10:28  SCV, Viking x2  
  73  10:29  Viking  
  77  10:37  SCV  
  77  10:38  Viking  
  77  10:40  SCV  
  81  10:49  SCV  
  82  10:52  SCV  
  69  11:33  Viking x7  
  83  12:03  Viking  
  85  12:35  Viking x2  
  86  12:38  Viking  
  86  12:41  Viking  
  86  12:42  Viking  
  86  12:43  Viking  
  81  13:00  Viking  
  81  13:05  Viking  
  85  13:21  Supply Depot  
  85  13:24  Supply Depot  
  85  13:26  Supply Depot  
  85  13:31  Supply Depot  
  85  13:43  Viking x3  
  75  14:27  Viking x5  
  75  14:28  Viking  
  87  14:32  Viking  
  89  14:57  Viking x2  
  67  16:25  Viking x7  
  55  16:55  Viking x7  
  69  17:25  Viking x3  
  75  17:40  Viking x4  
  83  17:55  Viking x3  
  89  18:10  Viking x3  
Show
View Real Time Build Order
Export as new Build Order

overlord Protoss 

Build Orders:  

Get SALT Encoding   

  12  0:41  Probe (Chrono Boost)  
  13  0:51  Probe (Chrono Boost)  
  13  0:56  Probe (Chrono Boost)  
  15  1:05  Pylon  
  15  1:22  Nexus  
  15  1:23  Probe (Chrono Boost)  
  16  1:31  Gateway  
  17  1:33  Probe (Chrono Boost)  
  17  1:38  Probe (Chrono Boost), Forge  
  18  1:50  Probe  
  18  1:51  Pylon  
  19  2:02  Probe  
  20  2:11  Pylon  
  20  2:14  Probe  
  21  2:16  Photon Cannon  
  21  2:26  Probe (Chrono Boost)  
  21  2:27  Assimilator  
  23  2:38  Probe (Chrono Boost)  
  23  2:39  Cybernetics Core  
  23  2:43  Probe (Chrono Boost)  
  24  2:48  Pylon  
  24  2:59  Probe (Chrono Boost)  
  25  3:10  Probe (Chrono Boost)  
  25  3:12  Probe (Chrono Boost)  
  29  3:20  Probe x2 (Chrono Boost)  
  29  3:26  Probe x2 (Chrono Boost)  
  30  3:28  Assimilator  
  31  3:38  Probe (Chrono Boost)  
  33  3:43  Probe (Chrono Boost)  
  33  3:46  Assimilator  
  33  3:47  Probe (Chrono Boost)  
  34  3:51  Probe (Chrono Boost), Assimilator  
  34  3:52  Probe (Chrono Boost)  
  36  3:59  Photon Cannon  
  36  4:07  Probe (Chrono Boost)  
  36  4:08  Probe (Chrono Boost)  
  38  4:14  Photon Cannon  
  39  4:19  Probe (Chrono Boost)  
  39  4:20  Probe (Chrono Boost)  
  39  4:21  Stalker  
  39  4:22  Photon Cannon  
  39  4:23  Probe (Chrono Boost)  
  42  4:28  Probe  
  44  4:34  Probe  
  38  4:46  Probe  
  38  4:52  Zealot  
  41  5:08  Photon Cannon  
  37  5:19  Zealot  
  38  5:22  Photon Cannon  
  38  5:35  Probe (Chrono Boost)  
  39  5:44  Photon Cannon  
  39  5:46  Probe (Chrono Boost), Zealot  
  42  5:50  Probe (Chrono Boost)  
  43  5:57  Stargate  
  43  6:00  Pylon  
  43  6:01  Probe  
  44  6:06  Photon Cannon  
  44  6:11  Probe (Chrono Boost)  
  44  6:13  Zealot  
  48  6:19  Probe (Chrono Boost)  
  48  6:22  Probe (Chrono Boost)  
  48  6:24  Pylon  
  49  6:27  Probe (Chrono Boost)  
  50  6:33  Probe (Chrono Boost)  
  52  6:40  Zealot  
  52  6:42  Void Ray (Chrono Boost)  
  52  6:44  Probe x2 (Chrono Boost)  
  59  6:48  Probe (Chrono Boost), Robotics Facility  
  59  6:50  Probe  
  61  6:54  Photon Cannon  
  61  6:59  Probe  
  62  7:07  Stalker  
  64  7:11  Probe  
  65  7:24  Probe, Void Ray  
  65  7:25  Stargate  
  70  7:35  Pylon  
  70  7:36  Probe, Observer  
  72  7:46  Stargate  
  72  7:48  Probe  
  73  7:52  Protoss Shields Level 1  
  73  7:57  Photon Cannon  
  73  8:01  Pylon  
  73  8:22  Shield Battery  
  73  8:26  Photon Cannon  
  73  8:38  Void Ray x3  
  85  8:54  Pylon  
  85  9:07  Nexus  
  85  9:16  Gateway  
  85  9:20  Photon Cannon  
  85  9:36  Void Ray x2 (Chrono Boost)  
  93  9:49  Void Ray (Chrono Boost)  
  97  10:11  Pylon  
  97  10:16  Protoss Air Weapons Level 1 (Chrono Boost)  
  97  10:24  Void Ray (Chrono Boost)  
  97  10:27  Void Ray (Chrono Boost)  
  105  10:38  Photon Cannon  
  105  10:51  Photon Cannon  
  105  11:13  Void Ray x2  
  76  12:10  Probe (Chrono Boost)  
  73  12:17  Protoss Air Armor Level 1  
  73  12:19  Void Ray  
  73  12:20  Void Ray  
  73  12:21  Probe (Chrono Boost)  
  82  12:26  Probe (Chrono Boost)  
  83  12:37  Probe  
  83  12:41  Photon Cannon  
  84  12:49  Pylon, Probe  
  85  13:10  Void Ray x2  
  93  13:23  Assimilator  
  93  13:24  Probe (Chrono Boost)  
  95  13:34  Probe (Chrono Boost)  
  95  13:39  Probe (Chrono Boost)  
  95  13:41  Observer  
  97  13:44  Oracle  
  100  13:50  Probe  
  100  13:52  Void Ray  
  100  13:53  Void Ray  
  83  14:29  Pylon  
  83  14:31  Void Ray  
  83  14:35  Void Ray x2  
  92  15:12  Pylon  
  92  15:17  Photon Cannon  
  92  15:19  Photon Cannon  
  92  15:26  Void Ray x2  
  95  16:18  Void Ray x2  
  95  16:19  Void Ray  
  83  17:32  Twilight Council  
  83  17:38  Void Ray  
  83  17:39  Void Ray  
Show
View Real Time Build Order
Export as new Build Order

UNKNOWN Protoss 

Build Orders: Double Forge 

Get SALT Encoding   

  12  0:07  Probe  
  13  0:19  Probe  
  14  0:29  Pylon  
  14  0:31  Probe  
  15  0:54  Gateway  
  15  0:59  Forge  
  15  1:01  Assimilator  
  15  1:05  Probe (Chrono Boost)  
  15  1:08  Assimilator  
  16  1:17  Probe (Chrono Boost)  
  17  1:24  Probe (Chrono Boost)  
  19  1:33  Probe (Chrono Boost)  
  19  1:39  Probe (Chrono Boost)  
  19  1:45  Cybernetics Core  
  20  1:47  Probe  
  20  1:52  Gateway  
  21  1:59  Probe  
  21  2:00  Pylon  
  22  2:15  Probe  
  23  2:25  Warp Gate (Chrono Boost)  
  23  2:26  Nexus  
  23  2:37  Stalker  
  25  2:48  Pylon  
  25  3:09  Gateway  
  25  3:14  Pylon  
  25  3:22  Twilight Council  
  25  3:24  Forge  
  25  3:32  Pylon  
  25  3:34  Probe  
  26  3:43  Protoss Ground Weapons Level 1  
  26  3:46  Probe  
  27  3:52  Stalker  
  29  3:58  Probe  
  29  4:01  Blink  
  30  4:10  Probe  
  30  4:11  Probe  
  32  4:22  Probe  
  32  4:23  Probe  
  34  4:29  Assimilator  
  34  4:34  Assimilator  
  34  4:35  Probe  
  35  4:48  Probe  
  35  4:50  Stalker x3  
  42  5:11  Robotics Facility  
  42  5:22  Gateway  
  40  5:35  Protoss Shields Level 1  
  40  5:38  Protoss Ground Armor Level 1  
  40  5:42  Gateway  
  40  5:46  Gateway  
  40  5:52  Pylon  
  40  5:53  Probe (Chrono Boost)  
  41  6:02  Observer  
  41  6:03  Probe x2 (Chrono Boost)  
  44  6:07  Stalker  
  44  6:08  Probe (Chrono Boost), Stalker  
  44  6:10  Probe  
  50  6:16  Pylon  
  50  6:19  Probe  
  50  6:22  Probe, Pylon  
  50  6:23  Observer  
  53  6:31  Probe  
  53  6:32  Photon Cannon  
  54  6:34  Probe  
  55  6:45  Observer  
  55  6:46  Probe  
  57  6:52  Stalker x2  
  57  6:53  Stalker x4  
  69  7:16  Gateway  
  69  7:23  Gateway  
  69  8:10  Stalker x4  
  69  8:11  Stalker x2  
  81  8:16  Observer  
  82  8:21  Protoss Shields Level 2, Protoss Ground Weapons Level 2  
  82  8:38  Observer  
  83  8:42  Stargate  
  83  8:49  Stargate  
  83  8:51  Zealot x2  
  83  8:52  Zealot x3  
  93  9:01  Pylon  
  93  9:02  Protoss Air Weapons Level 1  
  93  9:08  Pylon  
  93  9:24  Warp Prism  
  95  9:36  Cybernetics Core  
  95  9:39  Stargate  
  95  9:52  Stalker x4  
  101  9:53  Stalker  
  105  10:36  Protoss Ground Armor Level 2  
  105  10:49  Stalker  
  107  10:50  Stalker  
  107  10:56  Protoss Air Armor Level 1  
  109  11:00  Fleet Beacon  
  109  11:12  Nexus  
  109  11:13  Assimilator  
  109  11:17  Assimilator  
  97  12:24  Protoss Shields Level 3  
  89  12:50  Protoss Air Weapons Level 2  
  71  12:52  Carrier x3, Protoss Ground Weapons Level 3  
  71  12:56  Stalker x5  
  71  12:57  Stalker x2  
  91  13:01  Probe  
  86  13:13  Probe  
  86  13:19  Protoss Air Armor Level 2  
  87  13:22  Stalker x2  
  87  13:24  Stalker  
  87  13:25  Probe  
  94  13:37  Probe  
  95  13:49  Probe  
  94  14:01  Probe  
  95  14:13  Probe  
  96  14:18  Carrier x2  
  96  14:23  Graviton Catapult  
  108  14:51  Carrier  
  114  14:57  Pylon  
  114  15:00  Pylon  
  114  15:10  Nexus  
  114  15:14  Assimilator  
  114  15:17  Assimilator  
  114  15:27  Stalker x2  
  114  15:28  Stalker x2  
  119  15:29  Stalker x2  
  113  15:43  Carrier  
  113  15:46  Stalker  
  117  17:10  Carrier x3 (Chrono Boost)  
  67  18:04  Stalker x5  
  67  18:05  Stalker x3  
Show
View Real Time Build Order
Export as new Build Order

Moog Protoss 

Build Orders:  

Get SALT Encoding   

  12  6:08  Probe  
  13  6:20  Probe  
  14  6:32  Probe, Nexus  
  15  6:38  Nexus  
  15  6:45  Nexus  
  15  6:49  Assimilator  
  15  6:54  Assimilator  
  15  6:59  Assimilator  
  15  7:03  Assimilator  
  15  7:11  Assimilator  
  15  7:16  Assimilator  
  15  7:35  Assimilator  
  15  7:39  Assimilator  
  15  7:42  Pylon  
  15  7:43  Probe  
  15  7:44  Pylon  
  16  7:45  Pylon  
  16  7:54  Probe x2  
  16  7:55  Probe  
  16  7:57  Probe  
  20  8:06  Probe x2  
  20  8:08  Probe  
  20  8:10  Probe  
  24  8:18  Probe x2  
  26  8:20  Probe  
  26  8:22  Probe  
  28  8:30  Probe x2, Gateway  
  28  8:32  Probe  
  28  8:34  Probe  
  32  8:42  Probe x2  
  32  8:44  Probe  
  32  8:46  Probe  
  36  8:54  Probe x2  
  38  8:56  Probe  
  38  8:58  Probe  
  40  9:06  Probe x2  
  40  9:08  Probe  
  43  9:10  Probe  
  44  9:18  Probe  
  44  9:19  Probe  
  44  9:20  Probe  
  44  9:22  Probe  
  48  9:30  Probe  
  48  9:31  Probe  
  50  9:32  Probe  
  50  9:34  Probe  
  52  9:42  Cybernetics Core  
  52  9:43  Probe x2  
  52  9:44  Probe  
  55  9:46  Probe  
  56  9:55  Probe x2  
  56  9:56  Probe  
  56  9:58  Probe  
  60  10:07  Probe x2  
  60  10:10  Probe  
  60  10:11  Probe  
  64  10:19  Probe x2  
  66  10:22  Probe  
  66  10:23  Probe  
  68  10:31  Probe x2  
  68  10:34  Probe, Stargate  
  68  10:35  Probe  
  72  10:37  Stargate  
  72  10:39  Stargate  
  72  10:41  Stargate  
  72  10:43  Probe x2  
  72  10:44  Stargate x2  
  72  10:46  Probe, Stargate  
  72  10:48  Stargate  
  75  10:52  Pylon  
  75  10:58  Pylon x2  
  75  11:00  Pylon  
  75  11:01  Pylon  
  75  11:02  Pylon  
  75  11:04  Probe x4  
  77  11:07  Cybernetics Core  
  77  11:10  Forge, Robotics Facility  
  79  11:15  Twilight Council  
  79  11:16  Probe x4  
  83  11:25  Void Ray x3 (Chrono Boost)  
  83  11:27  Void Ray x4 (Chrono Boost)  
  83  11:28  Probe x4  
  115  11:40  Probe  
  115  11:44  Protoss Shields Level 1  
  115  11:45  Protoss Air Weapons Level 1  
  115  11:46  Protoss Air Armor Level 1  
  116  11:57  Pylon  
  116  12:03  Pylon  
  116  12:06  Pylon  
  116  12:14  Pylon, Void Ray x2  
  124  12:16  Pylon  
  124  12:17  Pylon  
  124  12:20  Void Ray  
  124  12:21  Probe  
  101  12:46  Fleet Beacon  
  101  12:49  Phoenix x5  
  111  12:57  Phoenix x2  
  115  13:03  Phoenix  
  117  13:14  Phoenix  
  117  13:17  Pylon  
  117  13:18  Pylon  
  119  13:21  Pylon  
  119  13:27  Pylon  
  119  13:31  Pylon, Graviton Catapult  
  119  13:33  Carrier x4  
  143  13:34  Pylon  
  143  13:40  Pylon, Nexus  
  143  13:43  Pylon, Assimilator  
  143  13:47  Assimilator  
  143  13:51  Pylon  
  143  13:54  Pylon  
  133  14:40  Carrier x3  
  133  14:41  Carrier  
  157  14:46  Protoss Air Weapons Level 2  
  157  14:58  Carrier x2  
  169  15:31  Photon Cannon  
  169  15:32  Photon Cannon  
  169  15:34  Photon Cannon  
  169  15:36  Photon Cannon  
  169  15:39  Photon Cannon  
  169  15:41  Photon Cannon  
  173  15:43  Photon Cannon  
  173  15:44  Photon Cannon  
  173  15:46  Photon Cannon  
  173  15:48  Photon Cannon  
  145  15:50  Photon Cannon  
  145  15:51  Photon Cannon  
  145  15:53  Photon Cannon  
  137  15:57  Photon Cannon  
  137  16:00  Photon Cannon  
  137  16:03  Pylon  
  137  16:08  Pylon  
  137  16:10  Pylon  
  137  16:15  Pylon  
  102  16:28  Carrier x2  
  102  16:29  Carrier x6  
  150  17:14  Observer  
  151  17:18  Assimilator  
  151  17:29  Nexus  
  151  17:35  Observer  
Show
View Real Time Build Order
Export as new Build Order

Infamous Protoss 

Build Orders: 1 Gate Expand 

Get SALT Encoding   

  12  0:05  Probe  
  13  0:18  Probe (Chrono Boost)  
  14  0:22  Pylon  
  14  0:30  Probe (Chrono Boost)  
  15  0:41  Probe (Chrono Boost), Gateway  
  16  0:57  Probe  
  16  1:01  Assimilator  
  17  1:12  Probe  
  18  1:26  Nexus  
  18  1:28  Probe  
  18  1:42  Cybernetics Core  
  18  1:44  Probe (Chrono Boost)  
  19  1:55  Assimilator  
  19  1:56  Probe (Chrono Boost)  
  20  2:04  Probe (Chrono Boost)  
  21  2:12  Gateway  
  21  2:19  Warp Gate, Stalker (Chrono Boost)  
  23  2:37  Probe (Chrono Boost)  
  25  2:45  Stalker  
  25  2:47  Probe (Chrono Boost)  
  25  2:49  Probe (Chrono Boost)  
  28  2:54  Probe (Chrono Boost)  
  28  2:57  Probe  
  30  3:00  Sentry  
  32  3:10  Pylon  
  32  3:13  Pylon  
  32  3:15  Probe  
  32  3:16  Probe  
  32  3:17  Pylon  
  34  3:27  Assimilator  
  34  3:32  Twilight Council  
  34  3:43  Probe  
  34  3:48  Gateway  
  35  3:52  Forge  
  35  3:54  Shield Battery  
  35  4:03  Pylon  
  35  4:05  Probe x2  
  35  4:09  Blink (Chrono Boost)  
  37  4:17  Probe  
  37  4:22  Templar Archives  
  38  4:25  Protoss Ground Weapons Level 1 (Chrono Boost)  
  38  4:31  Gateway  
  38  4:34  Probe x2  
  38  4:35  Gateway  
  38  4:36  Assimilator  
  40  4:51  Psionic Storm  
  36  4:57  Stalker  
  36  4:58  Stalker  
  40  5:07  Probe x2  
  42  5:15  Photon Cannon  
  42  5:17  Photon Cannon  
  42  5:19  Photon Cannon  
  42  5:23  Photon Cannon  
  42  5:25  Probe x2  
  44  5:30  Sentry, Zealot  
  44  5:32  Sentry  
  50  5:48  High Templar  
  50  5:49  High Templar  
  54  5:52  Probe x2  
  56  5:59  Zealot x2  
  56  6:00  Charge (Chrono Boost), Zealot  
  62  6:23  High Templar  
  62  6:24  High Templar  
  66  6:31  Zealot x2  
  70  6:43  Protoss Ground Armor Level 1 (Chrono Boost)  
  70  6:47  Pylon  
  70  6:49  Pylon  
  70  7:02  Pylon  
  70  7:04  Pylon  
  70  7:05  Probe x2  
  70  7:07  Pylon  
  72  7:09  Pylon, Zealot x5  
  82  7:27  Probe  
  82  7:28  Probe  
  84  7:41  Gateway  
  84  7:44  Probe  
  84  7:45  Probe, Gateway  
  84  7:47  High Templar  
  84  7:48  High Templar x2  
  84  7:49  High Templar  
  84  7:50  High Templar  
  96  8:06  Archon  
  96  8:07  Archon x2  
  96  8:08  Archon  
  96  8:12  Probe x2  
  98  8:24  Probe x2, Protoss Ground Weapons Level 2 (Chrono Boost)  
  98  8:26  Gateway  
  100  8:29  Gateway  
  100  8:30  Gateway  
  100  8:34  Gateway  
  100  8:41  High Templar x3  
  100  8:43  Photon Cannon, Zealot x2  
  100  8:46  Photon Cannon  
  110  8:49  Photon Cannon  
  110  8:51  Photon Cannon  
  110  8:53  Photon Cannon  
  110  9:10  Stalker x2  
  110  9:12  Forge  
  114  9:34  Pylon  
  114  9:38  Pylon  
  92  9:57  Probe x2  
  94  10:09  Probe  
  94  10:10  Photon Cannon  
  94  10:12  Photon Cannon x2  
  95  10:22  High Templar  
  95  10:23  High Templar x5  
  107  10:32  Probe x2  
  107  10:34  Stalker x2  
  107  10:35  Stalker  
  61  11:05  Zealot x2  
  61  11:06  High Templar x2  
  61  11:08  Stalker x2  
  57  11:30  Archon  
  51  11:33  High Templar  
  51  11:35  High Templar  
  51  11:38  Zealot  
  51  11:39  Zealot x5  
  65  11:50  High Templar  
  67  11:54  Stalker  
  69  12:13  Archon  
  43  12:50  High Templar x4  
  49  13:07  Robotics Facility  
  49  13:49  Archon x2  
  49  14:16  Nexus  
  49  14:18  Pylon  
  49  14:20  Pylon  
  49  14:22  Pylon, Immortal  
  36  14:43  High Templar x4  
  36  14:44  High Templar x3  
  50  14:51  Stalker  
  52  14:54  Archon x2  
  52  14:55  Archon  
  52  15:01  Immortal  
  56  15:10  Stalker x2  
  60  15:35  High Templar  
  31  16:18  Stalker  
  33  16:20  Immortal  
  33  16:22  High Templar  
  33  16:23  High Templar  
  35  17:15  Archon  
  35  17:28  Nexus  
  35  17:31  Pylon  
  35  17:55  Pylon  
  35  18:07  Assimilator  
  35  18:24  Stalker  
  35  18:25  Stalker x3  
  35  18:26  Stalker  
  45  18:27  Stalker x2  
Tags
 
Add a new tag
Caveats
  • Supply blocks, unpowered buildings, or Contaminate may cause inaccurate times.
  • Supply counts are checked every 10 seconds.